 Dungeon Crawl Stone Soup version 0.20-a0-277-g7db01f4 (webtiles) character file.

189 terribad the Chopper (level 5, -5/50 HPs)
             Began as a Hill Orc Monk on Dec 12, 2016.
             Killed by nerve-wracking pain
             ... invoked by Grinder
              (13 damage)
             ... on level 4 of the Dungeon.
             The game lasted 00:05:10 (2006 turns).

terribad the Chopper (Hill Orc Monk)                Turns: 2006, Time: 00:05:10

Health: -5/50      AC: 11    Str: 14    XL:     5   Next: 68%
Magic:  14/14      EV:  4    Int: 10    God:
Gold:   139        SH:  0    Dex: 14    Spells: 4/4 levels left

rFire  . . .     SeeInvis .     h - +0 dagger (venom)
rCold  . . .     Gourm    .     o - +0 plate armour
rNeg   . . .     Faith    .     (no shield)
rPois  .         Spirit   .     p - +0 helmet
rElec  .         Reflect  .     (no cloak)
rCorr  .         Harm     .     (no gloves)
MR     .....                    (no boots)
Stlth  ..........               (no amulet)
                                (no ring)
                                e - ring of magical power

@: no status effects
A: no striking features
a: no special abilities


You were on level 4 of the Dungeon.
You were near starving.

You visited 1 branch of the dungeon, and saw 4 of its levels.

You collected 139 gold pieces.

Inventory:

Hand Weapons
 a - a +0 hand axe
 h - a +0 dagger of venom (weapon)
 u - a +0 war axe
Armour
 b - a +0 robe
 o - a +0 plate armour (worn)
 p - a +0 helmet (worn)
Jewellery
 e - a ring of magical power (left hand)
Scrolls
 d - 2 scrolls of amnesia
 k - a scroll of remove curse {unknown}
 l - 2 scrolls of identify
 m - a scroll of fear {unknown}
 n - a scroll of teleportation {unknown}
Potions
 f - 2 potions of curing
 i - a potion of heal wounds
 j - a potion of lignification
 r - a potion of resistance {unknown}
 s - a potion of beneficial mutation {unknown}
 t - a potion of ambrosia {unknown}
Comestibles
 c - 4 bread rations
 g - 10 fruits
 q - a meat ration


   Skills:
 + Level 5.7 Fighting
 + Level 6.5 Axes
 - Level 2.4 Dodging
 - Level 1.5 Stealth


You had 4 spell levels left.
You didn't know any spells.

Dungeon Overview and Level Annotations

Branches:
Dungeon (4/15)
 Temple: D:4-7

Altars:
Kikubaaqudgha
Vehumet

Annotations:
D:3 CephalicBurn's ghost, amateur DsFi
D:4 Grinder


Message History

Grinder hits you but does no damage.
You hit Grinder but do no damage.
Grinder is severely wounded.
Grinder gestures at you.
You suddenly lose the ability to move!
Grinder gestures at you.
You shrug off the repeated paralysis!
Grinder looks more healthy.
Grinder hits you.
* * * LOW HITPOINT WARNING * * *
You can move again.
Unknown command.
You hit Grinder.
Grinder is severely wounded.
Grinder hits you but does no damage.
Unknown command.
You hit Grinder.
Grinder is severely wounded.
Grinder gestures at you. Pain shoots through your body!
You die...

#.# #.### #
#######...#.#
........#.#.#
............#...
## #.........
.########..#######
.....†.........).#
....)#####.#####@#
.....### #.# #5#
.......# #.# #.#
.......# #.# #.#
.......# #.# #.#
.##....# #.# #.#
.##....# #. ...
.##....# #.#
.##....# #.#


You could see Grinder.

Vanquished Creatures
  An orc wizard (D:3)
  Ijyb (D:2)
  3 gnolls (D:3)
  3 adders
  An ooze (D:2)
  3 dart slugs
  A leopard gecko (D:1)
  An orc (D:4)
  7 bats
  4 giant cockroaches
  10 goblins
  3 hobgoblins
  14 jackals
  4 kobolds
  2 quokkas
  A frilled lizard (D:1)
  6 rats
65 creatures vanquished.

Notes
Turn   | Place    | Note
-------+----------+-------------------------------------------
     0 | D:1      | terribad the Hill Orc Monk began the quest for the Orb.
     0 | D:1      | Reached XP level 1. HP: 19/19 MP: 1/1
   112 | D:1      | Reached XP level 2. HP: 25/27 MP: 2/2
   240 | D:1      | Reached XP level 3. HP: 32/33 MP: 3/3
   484 | D:1      | Reached skill level 5 in Axes
   774 | D:2      | Reached XP level 4. HP: 28/41 MP: 4/4
  1285 | D:2      | Noticed Ijyb
  1297 | D:2      | Killed Ijyb
  1297 | D:2      | Reached skill level 5 in Fighting
  1473 | D:3      | Found an ancient bone altar of Kikubaaqudgha.
  1487 | D:3      | Found a radiant altar of Vehumet.
  1488 | D:3      | Noticed CephalicBurn's ghost (amateur DsFi)
  1597 | D:3      | Reached skill level 6 in Axes
  1597 | D:3      | Reached XP level 5. HP: 43/48 MP: 5/5
  1949 | D:4      | Noticed Grinder
  1965 | D:4      | Paralysed by Grinder for 5 turns
  1975 | D:4      | Paralysed by Grinder for 3 turns
  1990 | D:4      | Paralysed by Grinder for 5 turns
  1999 | D:4      | Paralysed by Grinder for 2 turns
  2002 | D:4      | Paralysed by Grinder for 3 turns
  2006 | D:4      | Killed from afar by Grinder

Vault maps used:
D:1:      ncdulo_watergridlock
D:2:      first_bread, kennysheep_generic_room_3, uniq_iyjb
D:3:      grunt_temple_overflow_open, nrook_loot_triangle,
          kennysheep_flooded_box
D:4:      uniq_grinder

Skill      XL: |  1  2  3  4 |
---------------+-------------+-----
Fighting       | 4 5 |  5.7
Axes           | 5 6 |  6.5
Dodging        | |  2.4
Stealth        | |  1.5

Action                   |  1- 3 |  4- 6 || total
-------------------------+-------+-------++-------
Melee: Hand axe          |    50 |       ||    50
       Dagger            |    58 |   132 ||   190
  Use: Scroll            |       |     4 ||     4
 Stab: Sleeping          |     3 |       ||     3
  Eat: Chunk             |       |     2 ||     2
Armor: Robe              |    19 |     3 ||    22
       Plate armour      |       |    84 ||    84
Dodge: Dodged            |   104 |    34 ||   138
